 Dungeon Crawl Stone Soup version 0.21.1-1-g345015f (webtiles) character file.

4193 inc the Covert (level 10, -12/48 HPs)
             Began as a Felid Enchanter on Feb 20, 2018.
             Was a Priest of Dithmenos.
             Killed from afar by an electric eel (16 damage)
             ... with a bolt of electricity
             ... on level 1 of the Lair of Beasts.
             The game lasted 00:53:21 (14919 turns).

inc the Covert (Felid Enchanter)                   Turns: 14919, Time: 00:53:22

Health: -12/48     AC:  4    Str:  4    XL:     10   Next: 8%
Magic:  6/14       EV: 24    Int: 20    God:    Dithmenos [***...]
Gold:   402        SH:  0    Dex: 17    Spells: 4/13 levels left
                                        Lives:  0   Deaths: 2

rFire    + . .     SeeInvis +     - Unarmed
rCold    . . .     Gourm    .   (shield unavailable)
rNeg     . . .     Faith    .   (armour unavailable)
rPois    .         Spirit   .   (helmet unavailable)
rElec    .         Reflect  .   (cloak unavailable)
rCorr    .         Harm     .   (gloves unavailable)
MR       +....                  (boots unavailable)
Stlth    +++++++...             (no amulet)
HPRegen  0.16/turn              v - ring of protection from fire
MPRegen  0.14/turn              p - +2 ring of protection

@: wreathed by umbra, quick
A: very small, no armour, no weapons or thrown items, stealth, claws 1, fangs 3,
see invisible, carnivore, speed 1, shaggy fur 2, slow metabolism 1, sharp paws
a: Shadow Step, Renounce Religion


You were on level 1 of the Lair of Beasts.
You worshipped Dithmenos.
Dithmenos was most pleased with you.
You were very full.

You visited 3 branches of the dungeon, and saw 14 of its levels.

You collected 512 gold pieces.
You spent 110 gold pieces at shops.

Inventory:

Jewellery
 e - an uncursed ring of fire
 i - an uncursed ring of positive energy
 p - a +2 ring of protection (right paw)
 r - an uncursed ring of loudness
 s - an uncursed amulet of the gourmand
 v - a ring of protection from fire (left paw)
 z - an uncursed ring of ice {unknown}
 E - an uncursed amulet of guardian spirit {unknown}
Wands
 q - a wand of polymorph (12)
 C - a wand of disintegration (21)
Scrolls
 c - 2 scrolls of teleportation {unknown}
 g - 5 scrolls of remove curse
 h - 3 scrolls of immolation
 m - 6 scrolls of identify
 o - 3 scrolls of fog
 u - a scroll of enchant armour {unknown}
 x - 2 scrolls of amnesia {unknown}
 y - a scroll of silence {unknown}
 D - a scroll of acquirement {unknown}
 H - 2 scrolls of blinking {unknown}
Potions
 d - a potion of magic {unknown}
 f - a potion of agility
 j - a potion of resistance {unknown}
 k - 2 potions of cancellation
 l - a potion of lignification {unknown}
 n - a potion of heal wounds
 t - 2 potions of mutation {unknown}
 w - 4 potions of degeneration {unknown}
 A - a potion of brilliance {unknown}
 B - a potion of invisibility {unknown}
Books
 a - a book of Maledictions

   Spells                             Type                      Level
   a - Corona                         Hexes                        1
   b - Ensorcelled Hibernation        Hexes/Ice                    2
   c - Confuse                        Hexes                        3
   d - Tukima's Dance                 Hexes                        3
   e - Dazzling Spray                 Conjuration/Hexes            3
Comestibles
 b - 24 rations


   Skills:
 - Level 8.1 Fighting
 * Level 8.9 Dodging
 - Level 10.5 Stealth
 - Level 8.4 Unarmed Combat
 - Level 2.0 Spellcasting
 - Level 5.7 Conjurations
 + Level 9.2 Hexes
 - Level 4.0 Ice Magic


You had 4 spell levels left.
You knew the following spells:

 Your Spells              Type           Power        Failure   Level  Hunger
a - Corona                Hex            #####..      1%          1    #......
b - Ensorcelled Hibernat  Hex/Ice        ####..       1%          2    ##.....
c - Dazzling Spray        Conj/Hex       ####..       2%          3    ###....
d - Confuse               Hex            #####...     1%          3    ###....


Dungeon Overview and Level Annotations

Branches:
Dungeon (10/15)            Temple (1/1) D:4            Lair (3/6) D:9
 Spider (0/4) Lair:2
  Swamp: Lair:2-4    Shoals: Lair:2-4       Orc: D:9-12

Altars:
Ashenzari
Cheibriados
Dithmenos
Elyvilon
Fedhas
Gozag
Hepliaklqana
Kikubaaqudgha
Makhleb
Nemelex Xobeh
Okawaru
Qazlal
Ru
Sif Muna
Trog
Uskayaw
Vehumet
Wu Jian
Xom
Yredelemnul
Zin
The Shining One
Beogh

Shops:
D:4 =:

Annotations:
D:4 Ratty's ghost, amateur DrFE
D:5 Menkaure


Innate Abilities, Weirdness & Mutations

You cannot wear armour.
You are incapable of wielding weapons or throwing items.
Your paws allow you to move quietly. (Stealth)
You have sharp claws.
You have razor-sharp teeth.
You have supernaturally acute eyesight. (SInv)
You are carnivorous and can eat meat at any time.
You cover ground quickly.
You are covered in thick fur. (AC +2)
You have a slow metabolism.
Your sharp claws are effective at attacking unaware monsters.


Message History

Casting: Ensorcelled Hibernation
Confirm with . or Enter, or press ? or * to list all spells.
Aiming: Ensorcelled Hibernation
Press: ? - help, Shift-Dir - straight line, f/p - eight-headed hydra
Aim: an eight-headed hydra (chance to defeat MR: 23%)
The eight-headed hydra resists with almost no effort.
Found 14 stones.
Casting: Ensorcelled Hibernation
Confirm with . or Enter, or press ? or * to list all spells.
Aiming: Ensorcelled Hibernation
Press: ? - help, Shift-Dir - straight line, f/p - eight-headed hydra
Aim: an eight-headed hydra (chance to defeat MR: 23%)
The eight-headed hydra resists with almost no effort.
Found a scroll labeled UGRAMY BAILEI.
The electric eel shoots out a bolt of lightning at you!
The bolt of electricity hits you!
* * * LOW HITPOINT WARNING * * *
The electric eel shoots out a bolt of lightning at you!
The bolt of electricity hits you!
You die...

##.≈.Shl...... #.....
##.≈≈≈.<........
#....
##..≈≈≈≈≈≈≈≈≈.....
#...
#.#.;≈≈≈≈≈≈≈≈.....
#..
#...≈≈≈≈≈≈≈≈≈≈.... #.
##....≈≈≈≈≈≈≈≈.....
... ##
#P.....≈≈≈≈≈≈≈≈.....
..P# #
#.......≈≈≈≈≈≈......
....#
.?...#......@.......
.....#
...#...............
......
.#............###.
#...
#............D......#
#...
....................#
#...
.....###............#
#... ...#
#..(..........# #...
..### #.............#
#...
....................#
#...


You could see an eight-headed hydra and an electric eel.

Vanquished Creatures
  A hydra (Lair:1)
  A two-headed ogre (D:8)
  A death yak (Lair:3)
  Joseph (D:8)
  Maurice (D:8)
  A rime drake (Lair:1)
  A troll (D:10)
  3 hippogriffs
  A human (D:7)
  6 yaks
  A basilisk (Lair:1)
  A wraith (D:10)
  4 hogs
  Edmund (D:5)
  3 water moccasins
  A porcupine (Lair:1)
  3 black bears
  A sky beast (D:8)
  8 orc warriors
  2 phantoms
  An ice beast (D:7)
  3 ogres
  3 crocodiles
  2 centaurs
  2 big kobolds
  3 bullfrogs
  A scorpion (D:5)
  3 killer bees (D:6)
  2 howler monkeys (D:7)
  4 crimson imps
  A bullfrog zombie (D:7)
  A bullfrog skeleton (D:9)
  3 hounds
  7 orc priests
  A jelly (D:7)
  10 orc wizards
  Natasha (twice) (D:3)
  An iguana (D:8)
  5 worker ants
  2 worker ant zombies
  9 adders
  4 gnolls
  A shadow imp (D:8)
  2 oozes
  An adder zombie (D:9)
  2 adder skeletons
  2 worms
  3 dart slugs
  3 leopard geckos
  41 orcs
  7 bats
  6 giant cockroaches
  12 goblins
  14 hobgoblins
  9 jackals
  17 kobolds
  3 quokkas
  A ball python (D:2)
  6 frilled lizards
  A jackal zombie (D:6)
  A quokka skeleton (D:4)
  7 rats
251 creatures vanquished.

Vanquished Creatures (others)
  An orc wizard (D:7)
  A fungus (D:9)
  4 plants
6 creatures vanquished.

Grand Total: 257 creatures vanquished

Notes
Turn   | Place    | Note
-------+----------+-------------------------------------------
     0 | D:1      | inc the Felid Enchanter began the quest for the Orb.
     0 | D:1      | Reached XP level 1. HP: 7/7 MP: 4/4
   300 | D:1      | Reached XP level 2. HP: 11/11 MP: 6/6
   322 | D:1      | Learned a level 2 spell: Ensorcelled Hibernation
   906 | D:1      | Reached skill level 5 in Hexes
  1174 | D:1      | Reached skill level 1 in Ice Magic
  1226 | D:1      | Reached XP level 3. HP: 14/14 MP: 3/7
  2046 | D:2      | Reached XP level 4. HP: 11/18 MP: 5/8
  3421 | D:3      | Reached skill level 5 in Stealth
  3453 | D:3      | Found a hazy altar of Hepliaklqana.
  3497 | D:3      | Noticed Natasha
  4306 | D:2      | Reached XP level 5. HP: 16/21 MP: 0/9
  4438 | D:3      | Killed Natasha
  4763 | D:4      | Found Lopoes's Book Boutique.
  4766 | D:4      | Found a staircase to the Ecumenical Temple.
  4772 | D:4      | Learned a level 3 spell: Dazzling Spray
  4775 | D:4      | Noticed Ratty's ghost (amateur DrFE)
  4797 | D:4      | Found Arogerr's Jewellery Boutique.
  4857 | D:3      | Noticed Natasha
  4860 | D:3      | Killed Natasha
  5194 | D:5      | Entered Level 5 of the Dungeon
  5201 | D:5      | Gained mutation: You are covered in thick fur. (AC +2) [Felid growth]
  5201 | D:5      | Reached XP level 6. HP: 22/24 MP: 7/10
  5302 | D:4      | Bought a +2 ring of protection for 110 gold pieces
  5324 | D:4      | Found an ancient bone altar of Kikubaaqudgha.
  5403 | D:5      | Noticed Menkaure
  5413 | Temple   | Entered the Ecumenical Temple
  5543 | Temple   | Became a worshipper of Dithmenos the Shadowed
  6451 | D:5      | Noticed Edmund
  6571 | D:5      | Killed Edmund
  6571 | D:5      | Reached XP level 7. HP: 26/27 MP: 2/11
  6613 | D:5      | Reached skill level 6 in Stealth
  7546 | D:6      | Reached skill level 7 in Stealth
  8586 | D:6      | Learned a level 3 spell: Confuse
  8766 | D:7      | Reached skill level 8 in Stealth
  8766 | D:7      | Reached XP level 8. HP: 19/31 MP: 0/12
  9388 | D:7      | Reached skill level 1 in Conjurations
  9390 | D:7      | Reached skill level 5 in Unarmed Combat
  9425 | D:6      | Reached skill level 9 in Stealth
  9865 | D:7      | Reached XP level 9. HP: 32/34 MP: 13/13
  9869 | D:7      | Reached skill level 10 in Stealth
  9876 | D:7      | Reached skill level 5 in Conjurations
 10224 | D:7      | Found a runed door.
 10387 | D:7      | Reached * piety under Dithmenos
 10788 | D:6      | Reached skill level 1 in Fighting
 10805 | D:6      | HP: 1/35 [poisoned by a killer bee]
 11077 | D:7      | Found a roughly hewn altar of Beogh.
 11782 | D:8      | Noticed Joseph
 11786 | D:8      | Killed Joseph
 11786 | D:8      | Reached XP level 10. HP: 37/43 MP: 9/14
 11874 | D:8      | Noticed a two-headed ogre
 12074 | D:8      | Reached skill level 5 in Fighting
 12150 | D:8      | Killed a two-headed ogre
 12298 | D:8      | Reached ** piety under Dithmenos
 12578 | D:8      | Noticed Maurice
 12589 | D:8      | Killed Maurice
 13571 | D:10     | Entered Level 10 of the Dungeon
 13883 | D:10     | Reached skill level 5 in Dodging
 14047 | D:10     | Reached *** piety under Dithmenos
 14286 | D:9      | Killed from afar by an orc priest
 14287 | D:9      | Reached XP level 9. HP: -4/44 MP: 1/13
 14287 | D:9      | Found a staircase to the Lair.
 14301 | D:9      | Reached XP level 10. HP: 26/48 MP: 9/14
 14320 | Lair:1   | Entered Level 1 of the Lair of Beasts
 14327 | Lair:1   | HP: 1/48 [porcupine (3)]
 14327 | Lair:1   | Slain by a wolf
 14328 | Lair:1   | Reached XP level 9. HP: 0/44 MP: 8/13
 14336 | Lair:2   | Noticed a six-headed hydra
 14451 | Lair:1   | Noticed a five-headed hydra
 14457 | Lair:1   | Killed a five-headed hydra
 14534 | Lair:1   | Noticed a rime drake
 14537 | Lair:1   | Noticed an eight-headed hydra
 14541 | Lair:1   | Killed a rime drake
 14614 | Lair:2   | Found a hole to the Spider Nest.
 14758 | Lair:2   | Noticed an eight-headed hydra
 14760 | Lair:2   | Noticed a komodo dragon
 14787 | Lair:3   | Noticed a death yak
 14792 | Lair:3   | Killed a death yak
 14792 | Lair:3   | Reached XP level 10. HP: 48/48 MP: 7/14
 14800 | Lair:3   | Noticed a spiny frog
 14836 | Lair:3   | HP: 1/48 [poisoned by a spiny frog]
 14919 | Lair:1   | Killed from afar by an electric eel

Skill      XL: |  1  2  3  4  5  6  7  8  9 10 |
---------------+-------------------------------+-----
Hexes          | 5 6 8 9 |  9.2
Ice Magic      | 1 2 4 |  4.0
Stealth        | 5 8 9 10 | 10.5
Unarmed Combat | 2 4 5 7 8 |  8.4
Conjurations   | 4 5 |  5.7
Fighting       | 4 8 |  8.1
Dodging        | 8 6 |  8.9
Spellcasting   | |  2.0

Action                   |  1- 3 |  4- 6 |  7- 9 | 10-12 || total
-------------------------+-------+-------+-------+-------++-------
Melee: Unarmed           |    86 |   132 |   156 |   105 ||   479
       Bite              |     9 |     9 |     7 |     5 ||    30
       Punch             |     1 |     2 |     2 |       ||     5
 Cast: Ensorcelled Hiber |    33 |    80 |    87 |    74 ||   274
       Corona            |     3 |     2 |       |       ||     5
       Dazzling Spray    |       |     7 |    34 |    19 ||    60
       Confuse           |       |       |     4 |     2 ||     6
Evoke: Wand              |       |       |       |     1 ||     1
  Use: Scroll            |       |     6 |     1 |       ||     7
       Potion            |       |       |     3 |     2 ||     5
 Stab: Sleeping          |    22 |    62 |    66 |    55 ||   205
       Invisible         |       |     1 |     3 |     1 ||     5
       Confused          |       |       |     2 |     1 ||     3
  Eat: Chunk             |     4 |    17 |    19 |    16 ||    56
       Ration            |       |       |     2 |       ||     2
Armor: Skin              |     2 |     6 |    21 |     8 ||    37
Dodge: Dodged            |    76 |   114 |   165 |   107 ||   462
